 Dungeon Crawl Stone Soup version 0.30.1-9-gdf580d7c3d (webtiles) character file.

Game seed: 1692352164132216680

8442 Hyperion the Thaumaturge (level 11, -5/47 HPs)
             Began as a Vine Stalker Ice Elementalist on Oct 23, 2023.
             Was a Believer of Ru.
             Slain by a yak (6 damage)
             ... on level 10 of the Dungeon.
             The game lasted 00:50:04 (10823 turns).

Hyperion the Thaumaturge (VSIE)                    Turns: 10823, Time: 00:50:05

Health: -5/47      AC: 14    Str: 23    XL:     11   Next: 30%
Magic:  0/28       EV: 12    Int: 19    God:    Ru [**....]
Gold:   223        SH:  0    Dex: 15    Spells: 27/34 levels left

rFire   . .          .
                       - Unarmed
rCold   . . .        (no shield)
rNeg    + . .        I - +0 robe {rN+}
rPois   .            F - +0 helmet
rElec   .            (no cloak)
rCorr   .            u - +1 pair of gloves
SInv    .            a - +1 pair of boots
Will    +....        (no amulet)
Stlth   ++           D - +6 ring of strength
HPRegen 1.07/turn    A - +6 ring of strength
MPRegen 0.21/turn

%: guardian spirit
@: ice-armoured, freezing walls, very slightly contaminated
A: fangs 3, regeneration 1, magic shield, antimagic bite, no potion heal 2,
inability to use devices
a: Renounce Religion


You were on level 10 of the Dungeon.
You worshipped Ru.
Ru was pleased with you.
You visited 2 branches of the dungeon, and saw 11 of its levels.

You collected 494 gold pieces.
You spent 271 gold pieces at shops.

Inventory:

Armour
 a - a +1 pair of boots (worn)
 h - a +0 pair of boots
 u - a +1 pair of gloves (worn)
 F - a +0 helmet (worn)
 I - a +0 robe of positive energy (worn)
Jewellery
 d - a +5 ring of evasion
 i - a ring of fire
 s - a +6 ring of intelligence
 A - a +6 ring of strength (right hand)
 D - a +6 ring of strength (left hand)
 L - a ring of fire
Wands
 x - a wand of mindburst (28)
 y - a wand of quicksilver (5)
Scrolls
 e - 4 scrolls of teleportation
 f - 4 scrolls of enchant weapon
 j - 2 scrolls of fog
 l - 2 scrolls of noise
 n - a scroll of vulnerability
 o - a scroll of magic mapping
 q - 2 scrolls of enchant armour
 v - a scroll of immolation
 C - a scroll of fear
 G - 2 scrolls of identify
 H - a scroll of acquirement {unknown}
 J - a scroll of amnesia {unknown}
 K - a scroll of silence {unknown}
Potions
 b - a potion of magic
 c - 2 potions of degeneration {unknown}
 g - 4 potions of curing
 k - 2 potions of brilliance {unknown}
 m - 2 potions of might
 p - 2 potions of heal wounds {unknown}
 r - 4 potions of attraction {unknown}
 t - a potion of berserk rage
 w - 2 potions of ambrosia
 z - 2 potions of resistance {unknown}
 B - a potion of flight {unknown}
 E - a potion of mutation {unknown}


   Skills:
 - Level 1.5 Dodging
 - Level 2.4 Stealth
 + Level 12.1 Unarmed Combat
 + Level 12.4 Spellcasting
 - Level 4.0 Ice Magic


You had 27 spell levels left.
You knew the following spells:

 Your Spells              Type           Power      Damage    Failure   Level
a - Freeze                Ice            100%       1d10      1%          1
b - Ozocubu's Armour      Ice            26%        N/A       3%          3
c - Frozen Ramparts       Ice            52%        1d8       3%          3

Your spell library contained the following spells:

 Spells                   Type           Power      Damage    Failure   Level
 Lesser Beckoning         Tloc           22%        N/A       9%          2
 Gell's Gravitas          Tloc           11%        N/A       17%         3
 Teleport Other           Tloc           11%        N/A       17%         3
 Summon Ice Beast         Ice/Summ       19%        N/A       26%         4


Dungeon Overview and Level Annotations

Branches:
Dungeon (10/15)            Temple (1/1) D:6
   Lair: D:8-11         Orc: D:9-12

Altars:
Ashenzari
Cheibriados
Dithmenos
Elyvilon
Fedhas
Gozag
Hepliaklqana
Makhleb
Nemelex Xobeh
Okawaru
Qazlal
Ru
Sif Muna
Trog
Uskayaw
Vehumet
Wu Jian
Yredelemnul
Zin
The Shining One

Shops:
D:4 ?   D:9 [

Annotations:
D:7 3 runed translucent doors, Beranek's ghost, novice GrFi
D:9 exclusion: steam dragon


Innate Abilities, Weirdness & Mutations

You have razor-sharp teeth.
Your natural rate of healing is unusually fast.
When hurt, damage is shared between your health and your magic reserves.
Your bite disrupts and absorbs the magic of your enemies.
Potions cannot restore your health.
You cannot study or use magical devices.


Message History

The wall freezes the yak.
The yak gores you.
The wall freezes the yak.
The wall freezes something but does no damage.
The shadow strikes at you from the darkness!
* * * LOW HITPOINT WARNING * * *
Reactivating autopickup.
You focus your inner power and blind the shadow in retribution!
You closely miss the kobold brigand. You bite the kobold brigand!
You drain its power.
You feel invigorated.
The kobold brigand is almost dead.
The wall freezes the kobold brigand.
You kill the kobold brigand!
The wall freezes the yak but does no damage.
The yak completely misses you.
The shadow completely resists.
The wall freezes the shadow but does no damage.
The shadow closely misses you.
You punch the yak!
The yak is heavily wounded.
The shadow is no longer blind.
The wall freezes the yak.
The yak gores you!
* * * LOW HITPOINT WARNING * * *
The wall freezes the yak.
The yak gores you.
* * * LOW HITPOINT WARNING * * *
The shadow completely resists.
The wall freezes the shadow but does no damage.
The shadow slips into darkness.
The shadow flickers and vanishes!
Deactivating autopickup; reactivate with Ctrl-A.
You punch the yak! You bite the yak!
You kill the yak!
The wall freezes the yak.
You redirect the yak's attack!
The yak gores itself.
The wall freezes something but does no damage.
The shadow strikes at you from the darkness!
* * * LOW HITPOINT WARNING * * *
Reactivating autopickup.
You hit the shadow. Your bite misses the shadow.
The shadow is lightly damaged.
The wall freezes the yak but does no damage.
The yak gores you!
You die...

.#.#..# ......#
.#...#..##.....#
.#..#.?#..#.....#
.#..#.#..#.#.....#######
#..#.$K#..#.............
#..#.#..#.#............
#..#..#..#............
#..Y#).##.....#######
#@.##......#
#W.##.......#
#.###........# ...
..........# ...
..........####### +###
>..............
...............
................
.................


You could see a yak and a shadow.

Vanquished Creatures
  4 two-headed ogres
  Sonja (D:10)
  A manticore (D:10)
  Sigmund (D:6)
  5 yaks (D:10)
  A wyvern (D:10)
  Eustachio (D:6)
  A steam dragon (D:6)
  Menkaure (D:7)
  An acid dragon (D:10)
  Duvessa (D:4)
  2 water moccasins
  3 orc warriors
  2 ice beasts
  2 black bears
  3 centaurs
  3 kobold brigands
  2 bullfrogs
  2 gnoll sergeants
  3 scorpions (D:5)
  9 wights (D:8)
  Dowan (D:4)
  7 killer bees
  3 howler monkeys
  An electric eel (D:6)
  6 hounds
  A jelly (D:6)
  4 orc priests
  A gnoll bouda (D:7)
  2 iguanas
  A sleepcap (D:5)
  6 orc wizards
  13 gnolls
  2 adders (D:3)
  A shadow imp (D:8)
  2 white imps (D:6)
  An ufetubus (D:7)
  5 worms
  3 dart slugs
  17 orcs
  13 ball pythons
  4 bats
  5 endoplasms
  4 giant cockroaches
  4 goblins
  7 hobgoblins
  6 jackals
  4 quokkas
  3 frilled lizards
  14 kobolds
  5 rats
195 creatures vanquished.

Notes
Turn   | Place    | Note
-------+----------+-------------------------------------------
     0 | D:1      | Hyperion the Vine Stalker Ice Elementalist began the quest
                  | for the Orb.
     0 | D:1      | Reached XP level 1. HP: 9/9 MP: 4/4
   274 | D:1      | Reached skill level 1 in Unarmed Combat
   274 | D:1      | Reached XP level 2. HP: 13/13 MP: 3/6
  1057 | D:1      | Reached XP level 3. HP: 16/16 MP: 4/8
  1213 | D:1      | Learned a level 3 spell: Ozocubu's Armour
  1217 | D:1      | Learned a level 3 spell: Frozen Ramparts
  2487 | D:3      | Found an opulent altar of Gozag.
  2527 | D:3      | Gained mutation: Your natural rate of healing is unusually
                  | fast. [Vine Stalker growth]
  2527 | D:3      | Reached XP level 4. HP: 15/21 MP: 5/10
  2770 | D:3      | Found a burning altar of Makhleb.
  2933 | D:3      | Reached XP level 5. HP: 24/24 MP: 4/11
  3154 | D:3      | Found a blossoming altar of Fedhas.
  3171 | D:3      | Found a glowing golden altar of the Shining One.
  3544 | D:4      | Found Logeem's Magic Scroll Emporium.
  3553 | D:4      | Bought a scroll of identify for 26 gold pieces
  3553 | D:4      | Bought a scroll of teleportation for 39 gold pieces
  3553 | D:4      | Bought a scroll of identify for 26 gold pieces
  3881 | D:4      | Reached XP level 6. HP: 28/28 MP: 13/13
  4080 | D:4      | Noticed Dowan
  4354 | D:5      | Entered Level 5 of the Dungeon
  4363 | D:5      | Reached skill level 5 in Spellcasting
  4595 | D:5      | Reached XP level 7. HP: 32/32 MP: 14/16
  4878 | D:5      | Reached skill level 5 in Unarmed Combat
  5485 | D:6      | Gained mutation: You have razor-sharp teeth. [Vine Stalker
                  | growth]
  5485 | D:6      | Reached XP level 8. HP: 33/36 MP: 12/18
  5621 | D:6      | Found a bloodstained altar of Trog.
  5792 | D:6      | Noticed Eustachio
  5803 | D:6      | Killed Eustachio
  6110 | D:6      | Found a glowing drain.
  6280 | D:6      | Found a staircase to the Ecumenical Temple.
  6307 | D:6      | Noticed Sigmund
  6317 | D:6      | Killed Sigmund
  6775 | Temple   | Entered the Ecumenical Temple
  7004 | Temple   | Became a worshipper of Ru the Awakened
  7051 | D:7      | Reached XP level 9. HP: 39/39 MP: 22/22
  7064 | D:7      | Noticed a manticore
  7064 | D:7      | Noticed Beranek's ghost (novice GrFi)
  7073 | D:7      | Found a runed translucent gate.
  7073 | D:7      | Found a runed translucent gate.
  7073 | D:7      | Found a runed translucent gate.
  7305 | D:7      | Found a hide-covered altar of Uskayaw.
  7305 | D:7      | Noticed Menkaure
  7764 | D:7      | Killed Menkaure
  8211 | D:8      | Found a basalt altar of Yredelemnul.
  8350 | D:8      | Gained mutation: You cannot study or use magical devices.
                  | [Ru sacrifice]
  8350 | D:8      | Reached * piety under Ru
  8350 | D:8      | Reached ** piety under Ru
  8728 | D:8      | Noticed a two-headed ogre
  9174 | D:8      | Noticed a two-headed ogre
  9184 | D:8      | Killed a two-headed ogre
  9185 | D:8      | Reached skill level 10 in Unarmed Combat
  9185 | D:8      | Reached skill level 10 in Spellcasting
  9185 | D:8      | Reached XP level 10. HP: 29/44 MP: 18/25
  9231 | D:8      | Noticed a two-headed ogre
  9235 | D:8      | Killed a two-headed ogre
  9305 | D:8      | Killed a two-headed ogre
  9374 | D:9      | Found Ubbyhiepic's Antique Armour Shoppe.
  9516 | D:4      | Noticed Duvessa
  9533 | D:4      | Killed Duvessa
  9539 | D:4      | Killed Dowan
 10152 | D:9      | Bought a pair of runed boots for 180 gold pieces
 10394 | D:10     | Entered Level 10 of the Dungeon
 10422 | D:10     | Reached XP level 11. HP: 40/47 MP: 22/27
 10427 | D:10     | Noticed a two-headed ogre
 10564 | D:10     | Noticed Sonja
 10607 | D:10     | Noticed a manticore
 10624 | D:10     | Killed a manticore
 10724 | D:10     | Killed Sonja
 10814 | D:10     | Killed a two-headed ogre
 10822 | D:10     | HP: 1/47 [something (8)]
 10823 | D:10     | Slain by a yak

Illustrated notes

Levels and vault maps discovered:
D:1:      erik_arrival_triangle_large, layout_basic, serial_curves,
          eino_curves_03, eino_curves_01
D:2:      layout_loops_corners, kennysheep_generic_room_13
D:3:      layout_basic, bloody_makhleb, mainiacjoe_overflow_catwalk,
          mainiacjoe_overflow_swirl
D:4:      layout_basic, serial_shops, shop_statue, item_on_display_b,
          uniq_duvessa
D:5:      layout_gridville, nicolae_nh_ransacked_shop
D:6:      layout_basic, lightli_temple_of_fire,
          minmay_temple_entry_statues_pillars, gup_sewer_entry_bowl,
          water_maze_lemuel, uniq_eustachio, uniq_sigmund
D:7:      layout_gridville, lemuel_tele_altar, gammafunk_ghost_split,
          uniq_menkaure
D:8:      minmay_chambers_of_sixes, layout_basic,
          mainiacjoe_overflow_cross_hatched
D:9:      layout_rooms, serial_shops, nicolae_shop_waterfront
D:10:     minmay_the_grid_octo_triangle [minmay_the_grid_octo_thin_diamonds,
          minmay_the_grid_octo_prize_single_spiral,
          minmay_the_grid_octo_clover], layout_irregular_city,
          kiku_gazebo_garden_becter, kennysheep_mini_moat, uniq_erolcha,
          uniq_sonja
Temple:   compressed_dpeg_triangle_lava_temple

Skill      XL: |  1  2  3  4  5  6  7  8  9 10 11 |
---------------+----------------------------------+-----
Unarmed Combat | 1 2 3 4 6 7 10 11 12 | 12.1
Spellcasting   | 3 4 5 6 8 10 11 12 | 12.4
Dodging        | |  1.5
Stealth        | |  2.4
Ice Magic      | |  4.0

Action                     |  1- 3 |  4- 6 |  7- 9 | 10-12 || total
---------------------------+-------+-------+-------+-------++-------
  Melee: Unarmed           |    53 |   103 |   283 |   119 ||   558
         Bite              |    10 |    27 |    92 |    45 ||   174
         Punch             |       |     4 |    16 |     9 ||    29
   Cast: Freeze            |    39 |     4 |     2 |       ||    45
         Frozen Ramparts   |     3 |     9 |    15 |    13 ||    40
         Ozocubu's Armour  |     3 |    12 |    25 |    15 ||    55
 Invoke: Sacrifice Artific |       |       |     1 |       ||     1
    Use: Scroll            |       |     1 |    11 |       ||    12
         Potion            |       |       |       |     1 ||     1
   Stab: Sleeping          |     2 |     4 |     1 |       ||     7
         Distracted        |     1 |       |     2 |       ||     3
         Invisible         |       |       |     2 |       ||     2
 Armour: Robe              |     9 |    21 |    84 |    54 ||   168
  Dodge: Dodged            |    49 |    69 |   231 |    66 ||   415
